 Dungeon Crawl Stone Soup version 0.21.1-1-g345015f (webtiles) character file.

47 snakesoul the Charmwright (level 3, -6/27 HPs)
             Began as a Merfolk Skald on June 23, 2018.
             Mangled by a worm (9 damage)
             ... on level 1 of the Dungeon.
             The game lasted 00:02:53 (1003 turns).

snakesoul the Charmwright (Merfolk Skald)           Turns: 1003, Time: 00:02:53

Health: -6/27      AC:  3    Str: 11    XL:     3   Next: 70%
Magic:  2/6        EV: 12    Int: 13    God:
Gold:   79         SH:  0    Dex: 13    Spells: 3/6 levels left

rFire    . . .     SeeInvis .   a - +0 spear
rCold    . . .     Gourm    .   (no shield)
rNeg     . . .     Faith    .   b - +0 leather armour
rPois    .         Spirit   .   (no helmet)
rElec    .         Reflect  .   (no cloak)
rCorr    .         Harm     .   (no gloves)
MR       .....                  (no boots)
Stlth    +.........             (no amulet)
HPRegen  0.09/turn              (no ring)
MPRegen  0.10/turn              (no ring)

@: very slightly contaminated
A: change form in water, swift swim, stealthy swim
a: no special abilities


You were on level 1 of the Dungeon.
You were hungry.

You visited 1 branch of the dungeon, and saw 2 of its levels.

You collected 79 gold pieces.

Inventory:

Hand Weapons
 a - a +0 spear (weapon)
Armour
 b - a +0 leather armour (worn)
Scrolls
 e - 2 scrolls of identify {unknown}
 i - 2 scrolls of teleportation {unknown}
 k - a scroll of immolation {unknown}
Potions
 f - 2 potions of agility {unknown}
 h - 3 potions of curing {unknown}
 j - a potion of ambrosia {unknown}
Books
 c - a book of Battle

   Spells                             Type                      Level
   a - Infusion                       Charms                       1
   b - Shroud of Golubria             Charms/Translocation         2
   c - Song of Slaying                Charms                       2
   d - Spectral Weapon                Hexes/Charms                 3
   e - Regeneration                   Charms/Necromancy            3
Comestibles
 d - 2 rations
 g - 9 chunks of flesh


   Skills:
 - Level 2.1 Fighting
 - Level 3.0 Polearms
 - Level 0.6 Armour
 - Level 2.6 Dodging
 - Level 2.0 Spellcasting
 + Level 4.0 Charms
 - Level 2.0 Translocations


You had 3 spell levels left.
You knew the following spells:

 Your Spells              Type           Power        Failure   Level  Hunger
a - Infusion              Chrm           ##..         6%          1    ##.....
b - Shroud of Golubria    Chrm/Tloc      #.........   14%         2    ###....


Dungeon Overview and Level Annotations

Branches:
Dungeon (2/15)

Altars:


Message History

You catch a glimpse of the back of your own head.
You are feeling hungry.
The jackal closely misses you.
Casting: Shroud of Golubria
Confirm with . or Enter, or press ? or * to list all spells.
Space distorts slightly along a thin shroud covering your body.
The jackal bites you but does no damage.
Your shroud bends the worm's attack away.
You barely miss the worm.
The worm is heavily wounded.
The jackal bites you but does no damage.
Your shroud bends the jackal's attack away.
The worm bites you but does no damage.
You barely miss the worm.
The worm is heavily wounded.
Your shroud bends the jackal's attack away.
You hit the worm.
The worm is severely wounded.
The jackal barely misses you. The worm bites you!
You die...

..(##########
#........(#######
...'........#
#........##
...########.#
#........# .###
#.# ##........#
.# #.#
#(........# ##
#.# #.#+##....#
#)# #.#...#####
#.# #h###.# ##
#####.# #@# #.#
##. #.....####w#
#.# #..
#.###......###.#
#..
#............#.#
#..
#####.######.#.#
#.# #.# #.#.# #..
#.# #...# ###
#.###########
#...........#


You could see a worm and a jackal.

Vanquished Creatures
  A gnoll (D:1)
  2 dart slugs (D:1)
  A giant cockroach (D:1)
  5 goblins
  3 hobgoblins (D:1)
  3 jackals (D:1)
  4 kobolds (D:1)
  4 bats
  9 rats
32 creatures vanquished.

Notes
Turn   | Place    | Note
-------+----------+-------------------------------------------
     0 | D:1      | snakesoul the Merfolk Skald began the quest for the Orb.
     0 | D:1      | Reached XP level 1. HP: 16/16 MP: 3/3
   197 | D:1      | Reached XP level 2. HP: 21/22 MP: 5/5
   201 | D:1      | Learned a level 2 spell: Shroud of Golubria
   284 | D:1      | Reached skill level 1 in Translocations
   301 | D:1      | Reached XP level 3. HP: 25/27 MP: 6/6
   928 | D:2      | Reached skill level 4 in Charms
  1003 | D:1      | Mangled by a worm

Skill      XL: |  1  2  3 |
---------------+----------+-----
Translocations | 1 2 |  2.0
Charms         | 4 |  4.0
Fighting       | |  2.1
Polearms       | |  3.0
Armour         | |  0.6
Dodging        | |  2.6
Spellcasting   | |  2.0

Action                   || total
-------------------------++-------
Melee: Spear             ||   136
 Cast: Shroud of Golubri ||     1
 Stab: Sleeping          ||     3
Armor: Leather armour    ||    26
Dodge: Dodged            ||    70
